 Dungeon Crawl Stone Soup version 0.27-a0-1136-g0b992a5a9d (webtiles) character file.

Game seed: 5087887974524504642

48 sanka the Magician (level 3, -3/28 HPs)
             Began as a Djinni Summoner on May 5, 2021.
             Was an Initiate of Gozag.
             Killed by nerve-wracking pain
             ... invoked by Grinder
              (7 damage)
             ... on level 3 of the Dungeon.
             The game lasted 00:03:22 (2307 turns).

sanka the Magician (Djinni Summoner)                Turns: 2307, Time: 00:03:22

Health: -3/28      AC:  5    Str:  7    XL:     3   Next: 72%
Gold:   253        EV: 16    Int: 17    God:    Gozag SH:  0 Dex: 13

rFire    + + +     SeeInvis .   h - +0 trident
rCold    x x .     Faith    .   (no shield)
rNeg     . . .     Spirit   .   g - +2 leather armour {rF+}
rPois    ∞         Reflect  .   (no helmet)
rElec    .         Harm     .   (no cloak)
rCorr    .         Rampage  .   (no gloves)
Will     .....                  (boots unavailable)
Stlth    ++........             (no amulet)
HPRegen  0.09/turn              j - ring of fire
MPRegen  0.00/turn              d - +4 ring of evasion

@: flying
A: sickness immunity, fire resistance 2, cold vulnerability 1, float, innate
caster, hp casting, extra vitality 1
a: Renounce Religion, Potion Petition, Call Merchant, Bribe Branch


You were on level 3 of the Dungeon.
You worshipped Gozag.
Gozag was aware of your devotion.
You visited 1 branch of the dungeon, and saw 3 of its levels.

You collected 253 gold pieces.


Innate Abilities, Weirdness & Mutations

You are immune to sickness and miasma.
You are immune to poison.
Your flesh is very heat resistant. (rF++)
You are vulnerable to cold. (rC-)
You float through the air rather than walking.
You learn spells naturally, not from books.
Your magical power is your life essence.
You have superior vitality. (+4 HP)


   Skills:
 + Level 1.7 Fighting
 + Level 3.0 Dodging
 - Level 1.5 Stealth
 + Level 4.0 Spellcasting


You couldn't memorise any spells.
You knew the following spells:

 Your Spells              Type           Power      Damage    Failure   Level
c - Call Canine Familiar  Summ           17%        N/A       14%         3
v - Summon Ice Beast      Ice/Summ       17%        N/A       41%         4
x - Call Imp              Summ           17%        N/A       7%          2
y - Summon Small Mammal   Summ           68%        N/A       4%          1
z - Freeze                Ice            68%        1d8       4%          1
X - Summon Lightning Spi  Summ/Air       17%        N/A       41%         4
Z - Summon Guardian Gole  Hex/Summ       17%        N/A       14%         3
Your spell library was empty.

Inventory:

Hand Weapons
 b - a +0 dagger
 h - a +0 trident (weapon)
Missiles
 k - 16 poisoned darts
Armour
 a - a +0 buckler
 g - a +2 leather armour of fire resistance (worn)
Jewellery
 d - a +4 ring of evasion (right hand)
 j - a ring of fire (left hand)
Scrolls
 c - a scroll of noise {unknown}
 e - a scroll of amnesia {unknown}
 f - 3 scrolls of identify {unknown}
 i - a scroll of silence {unknown}

Dungeon Overview and Level Annotations

Branches:
Dungeon (3/15)

Altars:
Gozag

Annotations:
D:3 Grinder

▒..▒▒▒▒▒...
..▒▒.▒.▒ ▒..▒▒▒▒▒.
▒.▒▒.▒.▒ ........<.
▒(▒▒.▒.▒ ▒>.▒▒▒▒▒.▒
▒▒▒ ▒.▒▒.▒.▒ ...▒
..▒ ▒.▒▒.▒.▒ ▒▒.▒
▒.▒ ▒.▒▒.▒.▒ ▒▒.▒
▒.▒ ▒.▒▒.▒.▒ ▒.▒
▒.▒ ▒....▒.▒ ▒.▒
▒.▒▒▒.▒▒▒R▒▒▒▒.▒ .▒
▒.....5r..▒▒▒▒.▒
▒▒▒▒▒.▒...(.▒▒.▒
▒▒▒▒▒▒▒▒.▒5▒▒▒.▒▒.▒
........5..▒ ▒....▒
........5▒.▒▒▒.▒▒▒▒
.........▒.....▒
.▒▒▒▒▒▒.▒▒▒▒...▒
▒.▒ ▒▒▒.▒


You could see Grinder, a rat (ally target), a friendly crimson imp (summoned)
and a friendly shadow imp (summoned).


Message History

Unknown command.
A beastly little devil appears in a puff of frigid air.
* * * LOW HITPOINT WARNING * * *
A beastly little devil appears in a puff of flame.
* * * LOW HITPOINT WARNING * * *
Grinder hits your white imp.
A rat comes into view.
Your white imp hits Grinder.
Your white imp freezes Grinder.
Grinder completely resists.
Your crimson imp hits Grinder.
A shadowy apparition takes form in the air.
* * * LOW HITPOINT WARNING * * *
Grinder says, "There's only one good use for a tongue: cutting it out."
Grinder blinks!
Grinder hits your white imp!
Your white imp dies!
Your shadow imp misses Grinder.
Grinder blinks!
You hit the rat.
The rat is severely wounded.
The rat barely misses you. The rat closely misses you. Grinder gestures at you.
Pain shoots through your body!
* * * LOW HITPOINT WARNING * * *
Grinder gestures at you. Pain shoots through your body!
You die...
Your body crumbles into a pile of gold.

Action                   || total
-------------------------++-------
Melee: Dagger            ||    35
       Unarmed           ||     1
       Trident           ||    56
 Cast: Summon Small Mamm ||    20
       Call Imp          ||     6
       Freeze            ||     4
 Stab: Sleeping          ||     4
Armor: Robe              ||     2
       Leather armour    ||    20
Dodge: Dodged            ||    66

Levels and vault maps discovered:
D:1:      minmay_arrival_doors, layout_basic, chequers_ecumenical_altar_simple
D:2:      layout_loops_ring, kennysheep_decorative_pillar,
          hangedman_feature_mirror
D:3:      cheibrodos_old_hovel, layout_loops_ring, gammafunk_ghost_grave,
          uniq_robin, uniq_grinder

Notes
Turn   | Place    | Note
-------+----------+-------------------------------------------
     0 | D:1      | sanka the Djinni Summoner began the quest for the Orb.
     0 | D:1      | Reached XP level 1. HP: 15/15 MP: 0/0
   141 | D:1      | Found a faded altar of an unknown god.
   153 | D:1      | Became a worshipper of Gozag Ym Sagoz the Greedy
   476 | D:1      | Reached XP level 2. HP: 22/22 MP: 0/0
   867 | D:1      | Reached skill level 1 in Fighting
  1430 | D:2      | Reached XP level 3. HP: 27/27 MP: 0/0
  1430 | D:2      | Learned a level 1 spell: Freeze
  1939 | D:2      | Reached skill level 3 in Dodging
  1952 | D:2      | Reached skill level 4 in Spellcasting
  2288 | D:3      | Noticed Grinder
  2307 | D:3      | Killed from afar by Grinder

Vanquished Creatures
  An adder (D:2)
  2 dart slugs
  2 ball pythons
  An endoplasm (D:2)
  A giant cockroach (D:2)
  3 hobgoblins
  3 jackals (D:2)
  5 kobolds
  4 bats
  A frilled lizard (D:2)
  2 goblins
  4 rats
29 creatures vanquished.

Vanquished Creatures (collateral kills)
  3 bats (D:1)
  A hobgoblin (D:1)
  A kobold (D:2)
  2 quokkas (D:1)
  A rat (D:1)
8 creatures vanquished.

Vanquished Creatures (others)
  A plant (D:3)
1 creature vanquished.

Grand Total: 38 creatures vanquished
